 Dungeon Crawl Stone Soup version 0.30.0-20-g3615ddf2f0 (webtiles) character file.

Game seed: 6479639286646486739

1057 qw the Chopper (level 8, -5/49 HPs)
             Began as a Gargoyle Fighter on May 28, 2023.
             Was an Initiate of Okawaru.
             Killed by divine providence
             ... invoked by an orc priest
              (12 damage)
             ... on level 6 of the Dungeon.
             The game lasted 00:02:18 (4777 turns).

qw the Chopper (Gargoyle Fighter)                   Turns: 4777, Time: 00:02:19

Health: -5/49      AC: 21    Str: 27    XL:     8   Next: 26%
Magic:  6/9        EV:  9    Int: 10    God:    Okawaru [......]
Gold:   267        SH:  5    Dex:  9    Spells: 7/7 levels left

rFire   . . .        Y - +2 war axe
rCold   . . .        c - +0 buckler
rNeg    + . .        g - +0 plate armour
rPois   inf          n - +0 helmet
rElec   +            (no cloak)
rCorr   .            (no gloves)
SInv    .            (no boots)
Will    .....        (no amulet) Stlth
                     b - +6 ring of strength
HPRegen 0.28/turn    (no ring)
MPRegen 0.11/turn

%: no passive effects
@: heroic
A: sickness immunity, AC +5, negative energy resistance 1, electricity
resistance, torment resistance 1, petrification resistance
a: Renounce Religion


You were on level 6 of the Dungeon.
You worshipped Okawaru.
Okawaru was noncommittal.
You visited 2 branches of the dungeon, and saw 7 of its levels.

You collected 267 gold pieces.


Innate Abilities, Weirdness & Mutations

You are immune to sickness and miasma.
Your stone body is resilient. (AC +5)
You are immune to poison.
You resist negative energy. (rN+)
You are resistant to electric shocks. (rElec)
You are resistant to unholy torment.
You are immune to petrification.


   Skills:
 - Level 5.1(10.1) Fighting
 + Level 7.3(12.3) Axes
 - Level 4.1(9.1) Armour
 - Level 1.0(6.0) Dodging
 - Level 3.2(8.2) Shields
 - Level 2.5 Invocations


You had 7 spell levels left.
You didn't know any spells.
Your spell library was empty.

Inventory:

Hand Weapons
 e - a +0 flail
 Y - a +2 war axe (weapon)
Armour
 c - a +0 buckler (worn)
 g - a +0 plate armour (worn)
 n - a +0 helmet (worn)
Jewellery
 b - a +6 ring of strength (left hand)
Scrolls
 a - a scroll of identify
 f - a scroll of amnesia {unknown}
Potions
 d - 4 potions of might
 h - 2 potions of curing
 i - a potion of haste
 j - a potion of lignification
 m - a potion of mutation {unknown}

Dungeon Overview and Level Annotations

Branches:
Dungeon (6/15)             Temple (1/1) D:5

Altars:
Ashenzari
Cheibriados
Dithmenos
Elyvilon
Fedhas
Gozag
Hepliaklqana
Kikubaaqudgha
Makhleb
Nemelex Xobeh
Okawaru
Qazlal
Sif Muna
Vehumet
Yredelemnul
The Shining One


Message History

The orc throws a boomerang.
The boomerang misses you. The orc priest barely misses you.
You slash the orc!
You kill the orc!
Okawaru accepts your kill. You block the orc priest's attack.
You barely miss the orc. The orc hits you but does no damage.
The orc priest hits you from afar with a +0 trident.
You hit the orc.
The orc is almost dead.
You block the orc's attack.
The orc priest hits you from afar with a +0 trident.
You slash the orc!
You kill the orc!
Okawaru accepts your kill.
You are no longer corroded.
The orc priest hits you but does no damage.
Enter note:
Found a dagger.
The orc priest barely misses you.
Items here: ( ))))) [[.
Enter note:
Enter note:
Enter note:
Enter note: You closely miss the orc priest.
You feel like a meek peon again.
4775 ||| INVOKING Heroism.
You gain the combat prowess of a mighty hero.
You can no longer gain great but temporary skills.
The orc priest hits you but does no damage.
You hit the orc priest.
The orc priest is lightly wounded.
You block the orc priest's attack.
You hit the orc priest.
The orc priest is severely wounded.
The orc priest calls down the wrath of Beogh upon you.
Beogh smites you!
You die...

.........######.##### #.
....###.............# #.
.# ##...######.###.# #.
#.>...# #)# #.# #.
##...## #.###.###. ##.##
#......... #.#
#####.#### #)# #.# #@#
##.# #.o.# #..# #.....#
##.## #.......# ##..#
#.........####...#####
.......................
###.........####...#####
##.).....## ##..# ##.#


You could see an orc priest.

Vanquished Creatures
  3 water moccasins
  A black bear (D:4)
  A phantom (D:5)
  A gnoll sergeant (D:5)
  A scorpion (D:4)
  2 jellies
  2 hounds (D:5)
  2 orc wizards
  Robin (D:4)
  7 gnolls
  5 adders
  4 dart slugs
  5 worms
  11 orcs
  12 ball pythons
  3 bats
  9 endoplasms
  4 giant cockroaches
  15 goblins
  9 hobgoblins
  3 jackals (D:1)
  3 quokkas
  3 frilled lizards
  11 kobolds
  3 rats
121 creatures vanquished.

Vanquished Creatures (others)
  An orc wizard (D:6)
1 creature vanquished.

Grand Total: 122 creatures vanquished

Notes
Turn   | Place    | Note
-------+----------+-------------------------------------------
     0 | D:1      | qw the Gargoyle Fighter began the quest for the Orb.
     0 | D:1      | Reached XP level 1. HP: 14/14 MP: 1/1
     0 | D:1      | 0 ||| qw: Version: 0.2-a-100-g4e38944
     0 | D:1      | 0 ||| qw: Game counter: 213
     0 | D:1      | 0 ||| qw: Always use a shield: true
     0 | D:1      | 0 ||| qw: God list: Okawaru
     0 | D:1      | 0 ||| qw: Allow faded altars: false
     0 | D:1      | 0 ||| qw: Do Orc after D:15 true
     0 | D:1      | 0 ||| qw: Do second Lair branch before Depths: true
     0 | D:1      | 0 ||| qw: Lair rune preference: random
     0 | D:1      | 0 ||| qw: Plans: Normal, Zot:1-4, God:TSO, Crypt, Tomb,
                  | Pan, Slime:5, Hells, Abyss, Win
     0 | D:1      | 0 ||| PLANNING D:1-11
    72 | D:1      | 72 ||| Stepping ~*~*~tactically~*~*~ (stealth).
    84 | D:1      | Reached skill level 2 in Axes
   119 | D:1      | Reached XP level 2. HP: 15/19 MP: 2/2
   146 | D:1      | Found a faded altar of an unknown god.
   258 | D:1      | 258 ||| Stepping ~*~*~tactically~*~*~ (stealth).
   259 | D:1      | 259 ||| Stepping ~*~*~tactically~*~*~ (stealth).
   312 | D:1      | 312 ||| Stepping ~*~*~tactically~*~*~ (hiding).
   328 | D:1      | 328 ||| DROPPING +0 club.
   340 | D:1      | 340 ||| Stepping ~*~*~tactically~*~*~ (stealth).
   362 | D:1      | Reached skill level 3 in Axes
   395 | D:1      | Reached XP level 3. HP: 23/23 MP: 3/3
   535 | D:1      | 535 ||| FLEEEEING.
   536 | D:1      | 536 ||| FLEEEEING.
   538 | D:1      | 538 ||| FLEEEEING.
   539 | D:1      | 539 ||| FLEEEEING.
   540 | D:1      | 540 ||| FLEEEEING.
   541 | D:1      | 541 ||| FLEEEEING.
   542 | D:1      | 542 ||| FLEEEEING.
   543 | D:1      | 543 ||| FLEEEEING.
   544 | D:1      | 544 ||| FLEEEEING.
   735 | D:1      | 735 ||| UPGRADING to +0 plate armour.
   745 | D:1      | 745 ||| DROPPING +0 scale mail.
   746 | D:1      | 746 ||| DROPPING ring of magical power.
   747 | D:1      | 747 ||| READING scroll labelled HUAHYBB CUOT.
   748 | D:1      | 748 ||| READING scroll labelled KEYDAO IM YNG.
  1342 | D:2      | Reached XP level 4. HP: 21/28 MP: 4/4
  1530 | D:2      | 1530 ||| Stepping ~*~*~tactically~*~*~ (stealth).
  1702 | D:2      | 1702 ||| READING scroll labelled WOWAAWI YLAOQA.
  1803 | D:2      | 1803 ||| READING 2 scrolls labelled LUASMU PEUHE.
  1804 | D:2      | 1804 ||| READING scroll labelled IDOAF YSOY.
  1805 | D:2      | 1805 ||| READING scroll labelled ULU QY CINNA.
  1806 | D:2      | 1806 ||| READING scroll labelled SILEUL MEQERUSM.
  1807 | D:2      | 1807 ||| DROPPING scroll of fear.
  2097 | D:3      | Reached skill level 4 in Axes
  2146 | D:3      | 2146 ||| Stepping ~*~*~tactically~*~*~ (stealth).
  2225 | D:3      | 2225 ||| DROPPING +0 whip.
  2417 | D:3      | Reached XP level 5. HP: 30/32 MP: 5/5
  2514 | D:3      | 2514 ||| UPGRADING to +6 ring of strength.
  2515 | D:3      | 2515 ||| READING scroll labelled YXZASCH LAANTI.
  2516 | D:3      | 2516 ||| DRINKING 2 fuming amethyst potions.
  2517 | D:3      | 2517 ||| READING 5 scrolls of identify.
  2517 | D:3      | 2517 ||| IDENTIFYING metallic red potion
  2518 | D:3      | 2518 ||| READING 4 scrolls of identify.
  2518 | D:3      | 2518 ||| IDENTIFYING bubbling golden potion
  2519 | D:3      | 2519 ||| READING 3 scrolls of identify.
  2519 | D:3      | 2519 ||| IDENTIFYING fuming pink potion
  2520 | D:3      | 2520 ||| DROPPING potion of degeneration.
  2576 | D:4      | Reached skill level 5 in Axes
  2604 | D:4      | 2604 ||| FLEEEEING.
  2605 | D:4      | 2605 ||| STAIRDANCE
  2821 | D:4      | Noticed a black bear
  2834 | D:4      | Killed a black bear
  2835 | D:4      | Reached XP level 6. HP: 21/39 MP: 6/6
  2909 | D:4      | Noticed a water moccasin
  2919 | D:4      | Killed a water moccasin
  3125 | D:4      | Reached skill level 6 in Axes
  3130 | D:4      | Reached XP level 7. HP: 30/44 MP: 7/7
  3362 | D:4      | 3362 ||| Stepping ~*~*~tactically~*~*~ (stealth).
  3365 | D:4      | Noticed Robin
  3386 | D:4      | Reached skill level 1 in Dodging
  3388 | D:4      | Killed Robin
  3711 | D:4      | 3711 ||| UPGRADING to +0 helmet.
  3716 | D:4      | 3716 ||| READING scroll labelled TATZEJ BURCHETI.
  3717 | D:4      | 3717 ||| READING 3 scrolls of identify.
  3717 | D:4      | 3717 ||| IDENTIFYING amethyst potion
  3718 | D:4      | 3718 ||| READING 2 scrolls of identify.
  3718 | D:4      | 3718 ||| IDENTIFYING glowing cyan potion
  3719 | D:4      | 3719 ||| DROPPING potion of brilliance.
  3737 | D:5      | Entered Level 5 of the Dungeon
  3789 | D:5      | 3789 ||| READING scroll of enchant weapon.
  3789 | D:5      | 3789 ||| ENCHANTING +1 war axe.
  3798 | D:5      | Found a staircase to the Ecumenical Temple.
  3799 | D:5      | 3799 ||| PLANNING TEMPLE
  3799 | D:5      | 3799 ||| READING scroll labelled TOIJOV KIJISM.
  3838 | Temple   | Entered the Ecumenical Temple
  3847 | Temple   | 3847 ||| PLANNING OKAWARU WORSHIP
  3906 | Temple   | Became a worshipper of Warmaster Okawaru
  3906 | Temple   | 3906 ||| PLANNING D:1-11
  4006 | D:5      | Reached skill level 7 in Axes
  4010 | D:5      | HP: 10/44 [gnoll/+0 spear[a gnoll sergeant] (8)]
  4011 | D:5      | 4011 ||| DRINKING potion of heal wounds.
  4014 | D:5      | Reached * piety under Okawaru
  4209 | D:5      | Found a white marble altar of Elyvilon.
  4275 | D:5      | Reached XP level 8. HP: 48/49 MP: 8/8
  4512 | D:5      | 4512 ||| READING scroll labelled WIUMIU OTEMIA.
  4513 | D:5      | 4513 ||| READING 3 scrolls of identify.
  4513 | D:5      | 4513 ||| IDENTIFYING yellow potion
  4514 | D:5      | 4514 ||| READING 2 scrolls of identify.
  4514 | D:5      | 4514 ||| IDENTIFYING pink potion
  4515 | D:5      | 4515 ||| DROPPING potion of flight.
  4516 | D:5      | 4516 ||| DROPPING potion of berserk rage.
  4569 | D:6      | Reached skill level 1 in Invocations
  4748 | D:6      | 4748 ||| INVOKING Heroism.
  4763 | D:6      | 4763 ||| INVOKING Heroism.
  4767 | D:6      | HP: 11/49 [orc priest/+0 trident (3)]
  4775 | D:6      | 4775 ||| INVOKING Heroism.
  4777 | D:6      | Killed from afar by an orc priest

Levels and vault maps discovered:
D:1:      dpeg_arrival_tiny_d, layout_loops_ring,
          shapermc_ecumenical_altar_totnotflames
D:2:      layout_loops_corners
D:3:      layout_loops_cross
D:4:      layout_loops_corners, uniq_robin
D:5:      layout_basic, elyvilon_altar_1, minmay_temple_entry_drinking_statues,
          chequers_mini_garden
D:6:      layout_loops_corners
Temple:   eino_wide_crystal_templ

Skill      XL: |  1  2  3  4  5  6  7  8 |
---------------+-------------------------+-----
Axes           | 2 3 4 5 6 7 |  7.3
Fighting       | 4 5 |  5.1
Dodging        | 1 |  1.0
Armour         | 4 |  4.1
Invocations    | 2 |  2.5
Shields        | |  3.2

Action                     |  1- 3 |  4- 6 |  7- 9 || total
---------------------------+-------+-------+-------++-------
  Melee: War axe           |   103 |   125 |   125 ||   353
 Invoke: Heroism           |       |       |     3 ||     3
    Use: Scroll            |     2 |     9 |     8 ||    19
         Potion            |       |     1 |     1 ||     2
 Armour: Scale mail        |    40 |       |       ||    40
         Plate armour      |    17 |    78 |   112 ||   207
  Dodge: Dodged            |    30 |    42 |    47 ||   119
  Block: Buckler           |    19 |    25 |    29 ||    73

Table legend:
 A = Non-vault XP
 B = Vault XP
 C = Vault XP percentage of total XP
 D = Non-vault monster count
 E = Vault monster count
 F = Vault count percentage of total count
                 A         B        C        D         E       F
            +---------+---------+-------+---------+---------+-------
      Total |    1473 |      37 |   2.5 |     109 |      13 |  10.7
            +---------+---------+-------+---------+---------+-------
        D:1 |      55 |       0 |   0.0 |      30 |       0 |   0.0
        D:2 |      32 |       0 |   0.0 |      15 |       0 |   0.0
        D:3 |      90 |       0 |   0.0 |      20 |       0 |   0.0
        D:4 |     509 |      37 |   6.8 |      22 |      13 |  37.1
        D:5 |     507 |       0 |   0.0 |      13 |       0 |   0.0
        D:6 |     280 |       0 |   0.0 |       9 |       0 |   0.0
            +---------+---------+-------+---------+---------+-------
